 Dungeon Crawl Stone Soup version 0.18-a0-1120-g03bd624 (webtiles) character file.

59 vatarom the Chopper (level 4, 0/37 HPs)
             Began as a Hill Orc Gladiator on Jan 17, 2016.
             Succumbed to an adder's poison
             ... on level 2 of the Dungeon.
             The game lasted 00:05:45 (1493 turns).

vatarom the Chopper (Hill Orc Gladiator)            Turns: 1493, Time: 00:05:45

Health: 0/37       AC:  4    Str: 18    XL:     4   Next: 3%
Magic:  4/4        EV: 12    Int:  8    God:
Gold:   78         SH:  0    Dex: 11    Spells: 0 memorised, 3 levels left

rFire  . . .     SeeInvis .     a - +0 war axe
rCold  . . .     Gourm    .     b - +0 leather armour
rNeg   . . .     Faith    .     (no shield)
rPois  .         Spirit   .     c - +0 helmet
rElec  .         Dismiss  .     (no cloak)
rCorr  .         Reflect  .     (no gloves)
SustAt .         Harm     .     (no boots)
MR     .....                    (no amulet)
Stlth  +.........               (no ring)
                                (no ring)

@: lethally poisoned (0 -> -10), not resistant to hostile enchantments, very
unstealthy
A: no striking features
a: no special abilities


You were on level 2 of the Dungeon.
You were very full.

You visited 1 branch of the dungeon, and saw 3 of its levels.

You collected 78 gold pieces.

Inventory:

Hand Weapons
 a - a +0 war axe (weapon)
Missiles
 d - 3 throwing nets (quivered)
Armour
 b - a +0 leather armour (worn)
 c - a +0 helmet (worn)
Jewellery
 k - an uncursed amulet of harm {unknown}
Potions
 e - 2 potions of poison
 h - 2 potions of cure mutation
Comestibles
 g - 2 meat rations
 i - a royal jelly
 j - a slice of pizza


   Skills:
 - Level 2.8 Fighting
 - Level 4.9 Axes
 - Level 2.1 Throwing
 + Level 1.0 Armour
 - Level 2.9 Dodging


You had 3 spell levels left.
You didn't know any spells.

Dungeon Overview and Level Annotations

Branches:
Dungeon (3/15)

Altars:
Gozag
The Shining One

Annotations:
D:3 Grinder


Message History

You closely miss the adder.
The adder is moderately wounded.
You feel sick. The adder closely misses you. The adder bites you.
* * * LOW HITPOINT WARNING * * *
You are lethally poisoned!
The adder poisons you! The worm bites you but does no damage.
Unknown command.
You hit the worm.
The worm is severely wounded.
You hit the adder.
The adder is moderately wounded.
* * * LOW HITPOINT WARNING * * *
You feel sick. The adder closely misses you. The adder bites you.
* * * LOW HITPOINT WARNING * * *
You are more poisoned.
The adder poisons you!
Unknown command.
Drink which item? (? for menu, Esc to quit)
Okay, then.
You die...

#.........# *,***,****,*
#.........# *,* *,* *,*
#.####'##### *.# *,* *,****
#.##.......# *.# *,# *,#..,
#..#.......# *.###.#***,#.#*
##.#.รท.....######.......,,,#.#
#.#...................#***#.#
####..##'####............# #.#
.(###.##.# #...@........# #^#
..# #..#.# #.....w......# #.#
..# ##.#.# #....S.......# #.##
..# #.#.# #............# #...
..# #.#.# #............########
..# #...# #....................
..# ##..# #............########
..# #..########################
..# #.>........................


You could see a worm and an adder.

Vanquished Creatures
  2 adders (D:2)
  A giant gecko (D:2)
  3 giant cockroaches (D:2)
  2 goblins
  8 hobgoblins
  6 jackals (D:1)
  A ball python (D:2)
  5 bats
  3 giant newts
  2 kobolds
  4 rats
37 creatures vanquished.

Notes
Turn   | Place    | Note
--------------------------------------------------------------
     0 | D:1      | vatarom the Hill Orc Gladiator began the quest for the Orb.
     0 | D:1      | Reached XP level 1. HP: 18/18 MP: 1/1
   168 | D:1      | Reached XP level 2. HP: 22/25 MP: 2/2
   767 | D:2      | Reached XP level 3. HP: 28/30 MP: 3/3
   795 | D:2      | Found a glowing golden altar of the Shining One.
   812 | D:2      | Found an opulent altar of Gozag.
  1066 | D:2      | Reached XP level 4. HP: 30/37 MP: 4/4
  1290 | D:2      | Reached skill level 1 in Armour
  1349 | D:3      | Noticed Grinder
  1492 | D:2      | HP: 1/37 [adder (4)]
  1493 | D:2      | Succumbed to an adder's poison

Vault maps used:
D:1:      saegor_arrival_simple_c
D:2:      tso_oasis_becter, grunt_gozag_statues
D:3:      lemuel_doored_altar, old_standard_altar, minmay_misc_feat_hallway,
          minmay_goblin_kobold_house, uniq_grinder

Action                   |  1- 3 |  4- 6 || total
-------------------------+-------+-------++-------
Melee: War axe           |    86 |    23 ||   109
  Use: Scroll            |     6 |       ||     6
       Potion            |     3 |       ||     3
  Eat: Bread ration      |       |     2 ||     2
